kotofej, lawful female dwarven Valkyrie ------- ------ |.....| |....| |@....| |...<| ..[...| ---|-- --.---- # # ### # # # ### # # --|------- ######### # |)%....%.| ---.-.---- -.......^| |........| |........| |........| |.........###%##-........| ---------- |........| |........| ---------- kotofej the Skirmisher Experience level: 5 Strength: 15 Dexterity: 12 Constitution: 19 Intelligence: 7 Wisdom: 11 Charisma: 11 Health: 0(60) Energy: 6(6) Def: 11 Gold: 239 Moves: 3052 Dungeon seed: wTDf2MmfDsI6BTnQ Game ID: kotofej_1497350085 Your Inventory: Coins $ - 239 gold pieces Weapons a - a blessed +1 long sword (weapon in hand) b - a +0 dagger Armor e - an uncursed +3 small shield (being worn) z - an uncursed +0 orcish helm (being worn) N - an uncursed +0 banded mail (being worn) Comestibles f - 3 uncursed fortune cookies p - an uncursed partly eaten food ration D - 2 uncursed food rations Scrolls h - an uncursed scroll of blank paper i - 3 uncursed scrolls of identify u - a cursed scroll of identify E - an uncursed scroll of scare monster Spellbooks s - an uncursed spellbook of cure blindness Potions d - an uncursed potion of gain ability m - an uncursed potion of restore ability r - an uncursed potion of see invisible Wands k - a wand of cancellation named Cancel (0:0) t - a wand of secret door detection (0:14) B - a wand of striking (0:3) Tools v - an uncursed credit card A - an uncursed towel C - an uncursed tin whistle Gems q - 2 uncursed worthless pieces of blue glass y - an uncursed worthless piece of orange glass Y - an uncursed worthless piece of white glass Spells and supernatural/magical abilities: Name Level Category Fail Memory W - pray for help -- divine ? -- Your skills at the end: Fighting Skills Weapon Skills dagger [Basic] long sword [Basic] Spellcasting Skills Final Attributes: You were piously aligned. You were cold resistant. You had wounded legs. You had infravision. You were stealthy. You are dead. Vanquished creatures: a small mimic an imp a pony a gray ooze an elf zombie a giant ant a little dog a kitten 2 rothes a giant bat 3 dwarf zombies an iguana an acid blob a hobbit a giant rat a cave spider a yellow mold 2 gnomes 2 garter snakes 2 geckos 7 jackals 2 foxes a kobold a goblin a sewer rat a grid bug 2 lichens 2 kobold zombies 4 newts 47 creatures vanquished. Voluntary challenges: You used a wielded weapon 60 times, starting on turn 6. You read items or engraved 33 times, starting on turn 844. You never genocided any monsters. You never polymorphed an object. You never changed form. You used no wishes. You never split a pudding. You wrote Elbereth's name 26 times, starting on turn 845. You violated your moral code, losing 21 points of alignment, starting on turn 1002. Dungeon overview: The Dungeons of Doom: levels 1 to 6 Level 1 an altar to Loki a long staircase Level 2 a scroll shop, a fountain, a sink Level 3 Level 4 a general store stairs to The Gnomish Mines Level 5 an altar to Odin Level 6 <- You were here The Gnomish Mines: Level 5 stairs to The Dungeons of Doom History has recorded: On T:1 you entered the Dungeons of Doom to retrieve the Amulet of Yendor! On T:444 you reached level 2 of The Dungeons of Doom. On T:757 you reached level 3 of The Dungeons of Doom. On T:891 you advanced to experience level 2. On T:1260 you reached level 4 of The Dungeons of Doom. On T:1434 you advanced to experience level 3. On T:2028 you advanced to experience level 4. On T:2078 you reached level 1 of The Gnomish Mines. On T:2498 you reached level 5 of The Dungeons of Doom. On T:2784 you advanced to experience level 5. On T:2821 you reached level 6 of The Dungeons of Doom. Score breakdown: Gold: 239 ( 8096 points) Experience: 5 levels (11141 points) Exploration: 6 levels ( 12.24%) ( 9682 points) Discoveries: 6 items ( 2.44%) ( 4685 points) Valuables value: (no points given unless you survive) Artifact value: 0 ( 0 points) Variety of kills: 29 monsters ( 7.61%) ( 8276 points) Turncount: 3052 turns ( -625 points) Survival: died (score multiplied by 80%) Total score: 33004 Latest messages: You hit the giant bat. A gush of water hits the giant bat! The wand hits the giant bat! You kill the giant bat! You miss the lichen. The kitten drops a garter snake corpse. You miss the lichen. You feel more confident in your weapon skills. You kill the lichen! The kitten picks up a garter snake corpse. You see here a scroll labeled LEP GEX VEN ZEA. E - a scroll labeled LEP GEX VEN ZEA. You see here a tripe ration. There is a staircase down here. You see here a club. You see here a tripe ration. You see here a robe. You hear convulsive ravings. KAABLAMM!!! You triggered a land mine! You die... Final status: Farvel kotofej the Valkyrie, killed by a land mine... You died in The Dungeons of Doom on dungeon level 6 with 33004 points, and 239 pieces of gold, after 3052 moves. You were level 5 with a maximum of 60 hit points when you died.